 Dungeon Crawl Stone Soup version 0.27.1-34-g3ba077fa99 (webtiles) character file.

Game seed: 8305877145299745289

154 jiml777 the Skirmisher (level 5, -1/33 HPs)
             Began as a Gargoyle Berserker on Jan 19, 2022.
             Was a Believer of Trog.
             Slain by a gnoll (11 damage)
             ... on level 3 of the Dungeon.
             The game lasted 00:10:27 (2441 turns).

jiml777 the Skirmisher (Gargoyle Berserker)         Turns: 2441, Time: 00:10:37

Health: -1/33      AC: 12    Str: 21    XL:     5   Next: 35%
Magic:  5/5        EV: 18    Int:  8    God:    Trog [**....]
Gold:   82         SH:  0    Dex:  9    Spells: 4/4 levels left

rFire    . . .     SeeInvis .   (weapon currently unavailable)
rCold    . . .     Faith    .   (shield currently unavailable)
rNeg     + + +     Spirit   .   (armour currently unavailable)
rPois    ∞         Reflect  .   (helmet currently unavailable)
rElec    .         Harm     .   (cloak currently unavailable)
rCorr    .         Rampage  .   (gloves currently unavailable)
Will     .....                  (boots currently unavailable)
Stlth    +.........             (no amulet)
HPRegen  0.11/turn              (no ring)
MPRegen  0.09/turn              (no ring)

@: confused, fungus-form, ambrosia-drunk, on berserk cooldown, slowed, very slow
A: melee confuse, terrified, no casting, sickness immunity, AC +4, tiny,
negative energy resistance 1, (electricity resistance), torment resistance 1,
petrification resistance
a: Renounce Religion, Berserk, Trog's Hand


You were on level 3 of the Dungeon.
You worshipped Trog.
Trog was pleased with you.
You were a sentient fungus.
You visited 1 branch of the dungeon, and saw 3 of its levels.

You collected 82 gold pieces.

Inventory:

Hand Weapons
 a - a +0 hand axe
 c - a +2 short sword of draining (melded)
Missiles
 d - 91 stones (quivered)
 f - 2 throwing nets
 j - 5 arrows
Armour
 h - a +0 kite shield (melded)
 i - a +1 ring mail of fire resistance (melded)
Jewellery
 k - a ring of magical power
Scrolls
 b - a scroll of blinking {unknown}
 l - a scroll of immolation {unknown}
Potions
 e - a potion of might {unknown}
 g - 2 potions of ambrosia


   Skills:
 + Level 4.0 Fighting
 + Level 1.9 Short Blades
 + Level 3.5 Axes
 + Level 3.1 Armour
 + Level 2.0 Dodging
 + Level 0.8 Stealth
 + Level 0.5 Shields


You had 4 spell levels left.
You didn't know any spells.
Your spell library was empty.

Dungeon Overview and Level Annotations

Branches:
Dungeon (3/15)

Altars:

Shops:
D:1 (=[[

Annotations:
D:3 RascalDebosk's ghost, amateur DrBe


Innate Abilities, Weirdness & Mutations

You are a sentient fungus.
You are tiny and evasive.
Your melee attack releases spores that confuse breathing creatures.
You become terrified and freeze when enemies are visible.
Your armour is entirely melded.
You are incapable of wielding weapons or throwing items.
You cannot cast spells.
You are immune to sickness and miasma.
((Your stone body is resilient. (AC +4)))
You are immune to poison.
You resist negative energy. (rN+)
((You are resistant to electric shocks. (rElec)))
You are resistant to unholy torment.
You are immune to petrification.


Message History

You feel yourself moving faster!
You feel mighty!
The gnoll hits you from afar with a +2 halberd of electrocution.
You barely miss the gnoll. The gnoll hits you but does no damage.
The gnoll hits you from afar with a +2 halberd of electrocution.
You hit the gnoll.
The gnoll is heavily wounded.
You block the gnoll's attack.
You hit the gnoll. You drain the gnoll.
You kill the gnoll!
Trog accepts your kill.
The gnoll throws a throwing net.
The throwing net hits you.
You become entangled in the net!
You struggle against the net.
The gnoll hits you from afar with a +2 halberd of electrocution!
The gnoll hits you from afar with a +0 spear.
You struggle against the net.
You feel a strong urge to attack something.
The gnoll hits you from afar with a +2 halberd of electrocution.
You struggle against the net.
The gnoll zaps a wand.
You turn into a sentient fungus.
Your +2 short sword of draining melds into your body.
Your +0 kite shield melds into your body.
Your +1 ring mail of fire resistance melds into your body.
You feel less resistant to fire.
You shred the net and break free!
You feel your anger nearly subside.
You are no longer berserk.
You are exhausted.
You feel yourself slow down.
The gnoll hits you from afar with a +2 halberd of electrocution.
* * * LOW HITPOINT WARNING * * *
The gnoll misses you.
A gnoll comes into view. It is wielding a +0 club.
You're too terrified to move while being watched!
It was a potion of ambrosia.
You are confused.
You feel invigorated.
The gnoll shouts!
You hear a shout!
The gnoll misses you.
The gnoll zaps a wand.
A gnoll opens the door.
The gnoll hits you from afar with a +2 halberd of electrocution!
You die...

...†)<##.≈≈#8.##
...).<...≈≈#.... g
########.≈≈###.##g#
#.≈≈..#.#$$
#.≈≈.##.#g..
#.≈≈.#..#W:=
##.≈≈.##.#####
#......#g#8⌠8#g#..≈
#.....©#g)f©.'.#©.≈
#......#.#P.P#.#..≈
#..≈≈.##.##.##
.##..≈≈.#$.#P.P
.....≈≈.##.#⌠.⌠#
.....≈≈..#.#P.P#
.##..≈≈###.##+##.
##.≈≈#. .... ..
#.≈≈ 8. #.#


You could see 3 gnolls.

Vanquished Creatures
  A killer bee zombie (D:3)
  5 gnolls
  4 adders
  3 dart slugs (D:1)
  3 orcs (D:3)
  7 bats
  3 endoplasms (D:1)
  A giant cockroach (D:1)
  6 goblins
  A hobgoblin (D:1)
  2 kobolds (D:1)
  A quokka (D:1)
  2 ball pythons
  4 frilled lizards
  2 rats
45 creatures vanquished.

Notes
Turn   | Place    | Note
-------+----------+-------------------------------------------
     0 | D:1      | jiml777 the Gargoyle Berserker began the quest for the Orb.
     0 | D:1      | Reached XP level 1. HP: 14/14 MP: 1/1
   139 | D:1      | Reached XP level 2. HP: 17/19 MP: 2/2
   429 | D:1      | Found Woliv's Antique Armour Shoppe.
   442 | D:1      | Found Humycaur's Antique Armour Shoppe.
   604 | D:1      | Found Wety's Jewellery Shop.
   617 | D:1      | Reached XP level 3. HP: 19/24 MP: 3/3
   848 | D:1      | Found Merri's Weapon Shoppe.
  1795 | D:2      | Reached XP level 4. HP: 15/29 MP: 4/4
  1805 | D:2      | Reached skill level 4 in Fighting
  1805 | D:2      | Reached skill level 1 in Short Blades
  1806 | D:2      | Reached ** piety under Trog
  2271 | D:3      | Reached XP level 5. HP: 30/33 MP: 5/5
  2399 | D:3      | Found a transporter.
  2409 | D:3      | Noticed RascalDebosk's ghost (amateur DrBe)
  2441 | D:3      | Slain by a gnoll

Illustrated notes

Levels and vault maps discovered:
D:1:      dpeg_arrival_water_temple_mockup, layout_basic, serial_shops,
          nicolae_square_shop, nicolae_square_shop, nicolae_shop_behind_doors,
          shop, serial_bayou_pond_a
D:2:      layout_basic, nrook_loot_triangle
D:3:      layout_rooms, basic_ecumenical_altar, gammafunk_ghost_gnarly_gnolls

Skill      XL: |  1  2  3  4  5 |
---------------+----------------+-----
Axes           | 3 |  3.5
Fighting       | 4 |  4.0
Short Blades   | 1 |  1.9
Armour         | 3 |  3.1
Dodging        | 2 |  2.0
Stealth        | |  0.8
Shields        | |  0.5

Action                   |  1- 3 |  4- 6 || total
-------------------------+-------+-------++-------
Melee: Hand axe          |    14 |       ||    14
       Short sword       |    65 |    62 ||   127
Invok: Berserk           |       |     2 ||     2
  Use: Potion            |       |     1 ||     1
Armor: Animal skin       |    29 |       ||    29
       Ring mail         |     8 |    34 ||    42
Dodge: Dodged            |    48 |    31 ||    79
Block: Kite shield       |    11 |    24 ||    35
